[Event "*** Titled Tuesday Blitz"]
[Site "Chess.com"]
[Date "2020.11.03"]
[Round "2"]
[White "AntonovaNadezhda"]
[Black "lider34"]
[Result "0-1"]
[WhiteElo "2106"]
[BlackElo "2395"]
[TimeControl "180+1"]
[EndTime "10:18:41 PST"]
[Termination "lider34 won by resignation"]

1. d4 Nf6 2. Nf3 g6 3. Nbd2 Bg7 4. e4 d6 5. Bd3 O-O 6. O-O Nbd7 7. Re1 e5 8. c3 c6 9. dxe5 dxe5 10. Nc4 Qe7 11. Bg5 h6 12. Bh4 b5 13. Ncd2 Nc5 14. Bc2 a5 15. a4 Rd8 16. Qe2 Ba6 17. b4 bxa4 18. Qe3 axb4 19. cxb4 Nd3 20. Reb1 Nxb4 21. Bxa4 Bb5 22. Bxb5 cxb5 23. Rxa8 Rxa8 24. Bxf6 Bxf6 25. Qxh6 Rb8 26. Qe3 Nc2 27. Qb3 Nd4 28. Qb2 Bg7 29.
h3 b4 30. Ne1 b3 31. Nc4 Qc5 32.
Ne3 Ra8 33. Nd3 Qb5 34. Qd2 Ra2 35. Rb2 Rxb2 36. Nxb2 Bf8 37. Nd5 Kg7 38. Qg5 Nc6 39. Qf6+ Kg8 40. Qf3 Nd4 41. Qc3 Ne2+ 0-1

[Event "*** Titled Tuesday Blitz"]
[Site "Chess.com"]
[Date "2020.11.03"]
[Round "2"]
[White "ChessWarrior7197"]
[Black "Fy_Rakotomaharo"]
[Result "1-0"]
[WhiteElo "2997"]
[BlackElo "2621"]
[TimeControl "180+1"]
[EndTime "10:18:42 PST"]
[Termination "ChessWarrior7197 won on time"]

1. e4 e5 2. Nf3 Nf6 3. d4 Nxe4 4. dxe5 d5 5. Nbd2 Be7 6. Bd3 Nc5 7. Be2 Nc6 8. O-O Bf5 9. Nb3 O-O 10. Nbd4 Nxd4 11. Nxd4 Bg6 12. f4 Be4 13. Be3 g6 14.
Qd2 Ne6 15. c3 c5 16. Nb3 Qb6 17. Rad1 Rad8 18. Bf3 a5 19. Bxe4 dxe4 20. Qc2 a4 21. Nd2 Rd3 22. Rfe1 Rfd8 23. Nxe4 Rxd1 24. Rxd1 Rxd1+ 25. Qxd1 Qxb2 26. Qxa4 b5 27. Qb3 Qa1+ 28. Kf2 Qh1 29.
Qxb5 Bh4+ 30. Kf3 Qd1+ 31. Qe2 Qd5 32. c4 Qc6 33. Qd3 Be7 34. g4 Nc7 35. f5 Qa4 36.
Qb3 Qc6 37. Qb8+ Bf8 38. Bh6 Ne8 39. Qxe8 1-0

[Event "*** Titled Tuesday Blitz"]
[Site "Chess.com"]
[Date "2020.11.03"]
[Round "2"]
[White "BigAl"]
[Black "garicradomir"]
[Result "1-0"]
[WhiteElo "2475"]
[BlackElo "2301"]
[TimeControl "180+1"]
[EndTime "10:18:42 PST"]
[Termination "BigAl won by resignation"]

1. Nf3 Nf6 2. g3 g6 3. Bg2 Bg7 4. O-O O-O 5. d3 d5 6. Nbd2 Nc6 7.
d4 Bg4 8. h3 Bxf3 9. Nxf3 Re8 10. Ne5 Nxe5 11. dxe5 Ne4 12. e6 fxe6 13. c3 Qd6 14.
Qb3 Nc5 15. Qc2 c6 16. Rd1 e5 17. b4 Nd7 18. c4 e6 19. Rb1 Rf8 20. b5 Rac8 21.
bxc6 bxc6 22. Qa4 Rf7 23. Be3 d4 24. Bc1 Nc5 25. Qa5 Bf6 26. Ba3 Be7 27. Qxa7 Bf8 28. Qa5 Rcc7 29. Rb8 Kg7 30. Rxf8 Qxf8 31. Bxc5 Qe8 32.
Be4 Rf6 33. Bd6 Rxf2 34. Qxe5+ Kg8 35. Kxf2 Rf7+ 36. Kg2 Qb8 37. Bxb8 1-0

[Event "*** Titled Tuesday Blitz"]
[Site "Chess.com"]
[Date "2020.11.03"]
[Round "2"]
[White "Dinamo3"]
[Black "ssrija97"]
[Result "1-0"]
[WhiteElo "2410"]
[BlackElo "2164"]
[TimeControl "180+1"]
[EndTime "10:18:43 PST"]
[Termination "Dinamo3 won on time"]

1. e4 e5 2. Nf3 Nc6 3. Bc4 Nf6 4. d3 Bc5 5. O-O a6 6. Bb3 d6 7. c3 Ba7 8. Nbd2 O-O 9. Re1 Ne7 10. Nf1 Ng6 11.
Ng3 Bd7 12. h3 c6 13. d4 Qc7 14. Bg5 Ne8 15. Nf5 Kh8 16. Qd2 f6 17. Be3 d5 18. Ng3 dxe4 19. Nxe4 f5 20. Neg5 f4 21. Nf7+ Rxf7 22. Bxf7 fxe3 23. Qxe3 Bf5 24. Ng5 Nd6 25. Bxg6 Bxg6 26. Qxe5 Re8 27. Qf4 h6 28. Ne6 Qd7 29. Nc5 Bxc5 30. dxc5 Rxe1+ 31. Rxe1 Nf5 32. Re5 Qd1+ 33.
Kh2 Qc2 34. h4 1-0

[Event "*** Titled Tuesday Blitz"]
[Site "Chess.com"]
[Date "2020.11.03"]
[Round "2"]
[White "pfalcon1949"]
[Black "Kotofeyca"]
[Result "0-1"]
[WhiteElo "1960"]
[BlackElo "2367"]
[TimeControl "180+1"]
[EndTime "10:18:43 PST"]
[Termination "Kotofeyca won by resignation"]

1. c4 c6 2. e4 d5 3. cxd5 cxd5 4. exd5 Qxd5 5. Nc3 Qd8 6. Bc4 Nf6 7. d4 e6 8. Nf3 Be7 9. O-O O-O 10. Bg5 Bd7 11. Qe2 Bc6 12. Ne5 Qxd4 13. Nxc6 Nxc6 14. Rad1 Qe5 15. Be3 Rfd8 16. Bb3 Bc5 17. Bxc5 Qxc5 18. Rxd8+ Rxd8 19. Re1 Nd4 20. Qd3 Rd7 21. Ne4 Nxe4 22.
Qxe4 Nxb3 23. axb3 g6 24. Qa4 Rd2 25. Rf1 Rxb2 26.
b4 Rxb4 27. Qe8+ Kg7 28. h4 Rxh4 29. g3 Rh5 30. Rd1 Rf5 31. Rf1 h5 32. Qd8 a5 33.
Qd2 b6 34. Qb2+ Kg8 35. Rd1 Rd5 36. Rc1 Qd4 37. Rc8+ Kg7 38. Qa3 Rc5 39. Qf3 Rxc8 0-1

[Event "*** Titled Tuesday Blitz"]
[Site "Chess.com"]
[Date "2020.11.03"]
[Round "2"]
[White "lucachess49"]
[Black "Vuk2000"]
[Result "1-0"]
[WhiteElo "2352"]
[BlackElo "2658"]
[TimeControl "180+1"]
[EndTime "10:18:44 PST"]
[Termination "lucachess49 won by checkmate"]

1. d4 Nf6 2. c4 e6 3. Nc3 Bb4 4. e3 O-O 5. Ne2 d5 6. a3 Be7 7.
cxd5 exd5 8. Nf4 c6 9. Bd3 a5 10.
O-O Na6 11. Bc2 b5 12. f3 b4 13. Na4 c5 14. dxc5 Nxc5 15. Nxc5 Bxc5 16. axb4 Bxb4 17. Nd3 Bd6 18. Bd2 Bf5 19. Bc3 Qe7 20. Re1 Rfc8 21.
Bb3 Rd8 22. Nf4 Bc5 23. Bd4 Bb4 24. Re2 Be6 25. Rc1 Qd7 26. Bxf6 gxf6 27. Qd4 Be7 28. Nh5 f5 29. Qg7# 1-0

[Event "*** Titled Tuesday Blitz"]
[Site "Chess.com"]
[Date "2020.11.03"]
[Round "2"]
[White "Jenia84"]
[Black "arminmusovic"]
[Result "0-1"]
[WhiteElo "2292"]
[BlackElo "2580"]
[TimeControl "180+1"]
[EndTime "10:18:44 PST"]
[Termination "arminmusovic won by resignation"]

1. Nf3 a6 2. b3 e6 3. Bb2 d5 4. e3 Nf6 5. Be2 c5 6. O-O Nc6 7. Ne5 Nxe5 8. Bxe5 Bd6 9. d4 Qc7 10. Bxd6 Qxd6 11. dxc5 Qxc5 12. c4 O-O 13. Nd2 Rd8 14. Qc2 e5 15. Rac1 d4 16. exd4 exd4 17. Ne4 Qe5 18. Nxf6+ Qxf6 19. Bd3 h5 20. Rfe1 Be6 21.
Qe2 g6 22. Qe5 Qxe5 23. Rxe5 Kg7 24. f3 b5 25. cxb5 axb5 26. Rc2 Rac8 27. Rec5 b4 28.
Kf2 Rxc5 29. Rxc5 Ra8 30. Rc2 Kf6 31. Be4 Ra5 32. Ke2 Ke5 33. Kd3 Bd7 34. f4+ Kxf4 35. Kxd4 f5 36. Rf2+ Kg5 37. Bd5 h4 38. g3 hxg3 39.
hxg3 Kg4 40. Rg2 Bc8 41. Kc4 Rxd5 0-1

[Event "*** Titled Tuesday Blitz"]
[Site "Chess.com"]
[Date "2020.11.03"]
[Round "2"]
[White "ChristopherYoo"]
[Black "goldenpuppy"]
[Result "1-0"]
[WhiteElo "2858"]
[BlackElo "2351"]
[TimeControl "180+1"]
[EndTime "10:18:44 PST"]
[Termination "ChristopherYoo won by resignation"]

1. Nf3 c5 2. c4 Nc6 3. Nc3 e5 4. e3 d6 5. d4 exd4 6. exd4 Nf6 7. Be2 Be7 8. O-O O-O 9. h3 Nxd4 10. Nxd4 cxd4 11. Qxd4 Be6 12. Bf3 Rc8 13. b3 b6 14.
Bb2 Qc7 15. Rfe1 Qc5 16. Qd2 Rfe8 17. Rad1 Bf8 18. Nb5 a6 19. Ba3 Qf5 20. Nxd6 Bxd6 21. Qxd6 Qg6 22. Kh2 h5 23. Qxb6 Bg4 24. Rxe8+ Rxe8 25. Rd8 Bd7 26. Rxe8+ Bxe8 27. Qd4 Qc2 28. Bb2 Bd7 29. c5 Bf5 30. c6 Kh7 31. Qe5 Be6 32. c7 Qxf2 33. Bd4 Qc2 34. Bc5 Bc8 35. Be7 Ne8 36.
Be4+ 1-0

[Event "*** Titled Tuesday Blitz"]
[Site "Chess.com"]
[Date "2020.11.03"]
[Round "2"]
[White "norwaytoadog"]
[Black "Mesutgm"]
[Result "0-1"]
[WhiteElo "2330"]
[BlackElo "2618"]
[TimeControl "180+1"]
[EndTime "10:18:44 PST"]
[Termination "Mesutgm won on time"]

1. e4 g6 2. d4 Bg7 3. Nc3 d6 4. Be3 Nf6 5. Qd2 a6 6. f3 b5 7. h4 h5 8. Nh3 Nbd7 9. Ng5 Nb6 10. O-O-O Rb8 11. Bd3 Nfd7 12. f4 c5 13. dxc5 Nxc5 14. Bxc5 dxc5 15. Bxb5+ Nd7 16. Ba4 O-O 17. Bxd7 Qb6 18.
b3 Bxd7 19. Nd5 Qd8 20. Nxe7+ Qxe7 21. Qxd7 Qf6 22. e5 Qxf4+ 23. Qd2 Qxe5 24. c3 c4 25. Kc2 Qa5 26. Kb2 cxb3 27. axb3 Rfc8 28. Rc1 Qa4 29. Qd1 Qb4 30. Qd5 Rxc3 31. Qxf7+ Kh8 0-1

[Event "*** Titled Tuesday Blitz"]
[Site "Chess.com"]
[Date "2020.11.03"]
[Round "2"]
[White "kleopl"]
[Black "natelleka"]
[Result "1-0"]
[WhiteElo "2443"]
[BlackElo "2241"]
[TimeControl "180+1"]
[EndTime "10:18:45 PST"]
[Termination "kleopl won on time"]

1. c4 e5 2. Nc3 Nf6 3. Nf3 Nc6 4. e4 Be7 5. d4 d6 6. Be2 O-O 7. h3 Re8 8. O-O h6 9. b3 Bf8 10. d5 Ne7 11. Bb2 g5 12. Nh2 Ng6 13. b4 Nf4 14. a4 Kh7 15. Kh1 Nxe2 16. Qxe2 Bg7 17. Nd1 Qe7 18. Ng4 Nh5 19. g3 f5 20. exf5 Bxf5 21.
Kh2 Qd7 22. a5 Rf8 23. Nxe5 dxe5 24. Qxh5 Rae8 25. Rc1 Bd3 26. Re1 Qf5 27. Qg4 Qg6 28.
Kg1 h5 29. Qd7 Bf5 30. Qxc7 Bxh3 31. d6 Rc8 32. Qxb7 Rcd8 33. Bxe5 Rf7 34. Qe4 Bxe5 35. Qxg6+ Kxg6 36. Rxe5 Rxd6 37. c5 Rc6 38. b5 Rc8 39. b6 axb6 40. axb6 Rb7 41. Ra1 Bg4 42.
Ne3 Bf3 43. Re6+ 1-0

[Event "*** Titled Tuesday Blitz"]
[Site "Chess.com"]
[Date "2020.11.03"]
[Round "2"]
[White "CarlssonLudvig"]
[Black "Ze-Pequeno"]
[Result "1-0"]
[WhiteElo "2441"]
[BlackElo "2234"]
[TimeControl "180+1"]
[EndTime "10:18:45 PST"]
[Termination "CarlssonLudvig won on time"]

1. e4 c5 2. Nc3 Nc6 3. Bb5 Nd4 4. Bc4 e6 5. Nge2 Ne7 6. O-O a6 7. a3 Nec6 8. d3 b5 9. Ba2 Be7 10. Nxd4 Nxd4 11. Ne2 Nxe2+ 12. Qxe2 O-O 13. Be3 Bb7 14. Rad1 d5 15. exd5 Bxd5 16. Bxd5 Qxd5 17. c4 Qc6 18. Rc1 Rfd8 19. cxb5 axb5 20. Rc2 Qd5 21. Rfc1 Rac8 22. Kf1 h6 23. h3 Qxd3 24. Qxd3 Rxd3 25. Bxc5 Bxc5 26. Rxc5 Rxc5 27. Rxc5 Rb3 28. Rc2 Kf8 29. Ke2 Ke7 30. Kd2 Kd6 31. Kc1 e5 32. Rc8 e4 33.
Kc2 Rd3 34. Rd8+ 1-0

[Event "*** Titled Tuesday Blitz"]
[Site "Chess.com"]
[Date "2020.11.03"]
[Round "2"]
[White "DishonorOnYourCow"]
[Black "Ariadna_Atreides"]
[Result "1-0"]
[WhiteElo "2394"]
[BlackElo "2106"]
[TimeControl "180+1"]
[EndTime "10:18:45 PST"]
[Termination "DishonorOnYourCow won by resignation"]

1. d4 e6 2. c4 Bb4+ 3. Nd2 Nf6 4. e3 b6 5. Nf3 Bb7 6. Bd3 O-O 7. a3 Bxd2+ 8.
Bxd2 d6 9. O-O Nbd7 10. Qe2 e5 11. e4 exd4 12. Nxd4 Nc5 13. f3 a5 14. b4 axb4 15.
axb4 Nxd3 16. Qxd3 Nd7 17. Bc3 Ne5 18. Qe2 Qh4 19.
Nf5 Qh5 20. c5 g6 21. Ne7+ Kg7 22. c6 Qh4 23. cxb7 Rxa1 24. Rxa1 Qxe7 25. Ra8 Qg5 26.
Rxf8 Qc1+ 27. Be1 Nc6 28. b8=Q Nxb8 29. Rxb8 c5 30. bxc5 bxc5 31. h4 c4 32. Qb2+ Qxb2 33. Rxb2 c3 34. Rc2 1-0

[Event "*** Titled Tuesday Blitz"]
[Site "Chess.com"]
[Date "2020.11.03"]
[Round "2"]
[White "Vladislav_Chizhikov"]
[Black "GMKrikor"]
[Result "0-1"]
[WhiteElo "2502"]
[BlackElo "2770"]
[TimeControl "180+1"]
[EndTime "10:18:46 PST"]
[Termination "GMKrikor won by resignation"]

1. e4 c5 2. Nf3 d6 3. c3 Nf6 4. h3 Nc6 5. Bd3 d5 6. e5 c4 7. Bc2 Nd7 8. e6 fxe6 9. Ng5 Nf6 10. Bxh7 Nxh7 11. Qh5+ Kd7 12. Nxh7 Kc7 13. d4 cxd3 14. Bf4+ e5 15. Bg3 Qd6 16. Na3 a6 17. O-O-O g6 18. Qh4 Bf5 19. Rhe1 g5 20. Qa4 Bxh7 21. Nb5+ axb5 22.
Qxa8 g4 23. Re3 Bg7 24. Qa3 Qxa3 25. bxa3 Bh6 26. Kd2 gxh3 27. gxh3 Rf8 28. Rb1 Ra8 29. Rxb5 Rxa3 30. Rb2 Kc8 31. Kd1 Bxe3 32. fxe3 Rxc3 33. h4 Rc2 34. Rxc2 dxc2+ 35. Kd2 Kd7 36. a3 Be4 37. h5 Ke6 38. h6 Kf7 39. Bh4 Na5 0-1

[Event "*** Titled Tuesday Blitz"]
[Site "Chess.com"]
[Date "2020.11.03"]
[Round "2"]
[White "Balla_Tamas"]
[Black "wannabe2700"]
[Result "0-1"]
[WhiteElo "2487"]
[BlackElo "2743"]
[TimeControl "180+1"]
[EndTime "10:18:46 PST"]
[Termination "wannabe2700 won by resignation"]

1. d4 f5 2. c4 Nf6 3. Nc3 g6 4.
Bg5 Bg7 5. h4 c5 6. d5 Qb6 7.
Qc2 Ne4 8. Nxe4 fxe4 9. O-O-O Na6 10. a3 d6 11. e3 Bd7 12. Ne2 O-O 13. Ng3 Ba4 14.
Qd2 Bxd1 15. Kxd1 Qxb2 16. Qxb2 Bxb2 17. Nxe4 Kf7 18. a4 Nc7 19. Bd3 b6 20. h5 Rh8 21.
Bf4 Bf6 22. Kc2 Ne8 23. f3 Ng7 24. g4 gxh5 25. gxh5 Rag8 26. Ng3 Ne8 27. Bf5 Kf8 28. Bg4 Be5 29. Bxe5 dxe5 30. Ne4 Nd6 31. Nxd6 exd6 32.
Kd3 h6 33. a5 bxa5 34. Ra1 Ke7 35. Rxa5 Ra8 36. Ke4 Rhb8 37. Kd3 Rb3+ 38. Ke4 Rc3 39.
Ra4 a5 40. Be6 Rb3 41. Kf5 Rxe3 42. Kg6 Rxf3 43. Kxh6 Kf6 44. Kh7 Rf4 45. Ra1 Rxc4 46. Rf1+ Rf4 47. Rg1 Ra7+ 48. Kh6 e4 49. Rg6+ Ke5 50.
Rg5+ Kd4 51. Kg6 e3 52. Bg4 a4 53. h6 a3 54. Be2 a2 55. Rg1 Rf2 56. Bh5 e2 57. Bxe2 Rxe2 58. h7 Rh2 0-1

[Event "*** Titled Tuesday Blitz"]
[Site "Chess.com"]
[Date "2020.11.03"]
[Round "2"]
[White "HrvojeZagreb"]
[Black "Shuvalov"]
[Result "0-1"]
[WhiteElo "2233"]
[BlackElo "2441"]
[TimeControl "180+1"]
[EndTime "10:18:47 PST"]
[Termination "Shuvalov won by resignation"]

1. d4 d5 2. Bf4 c5 3. e3 Nc6 4. Nc3 a6 5. dxc5 e5 6. Bg3 Be6 7. Na4 Bxc5 8. Nxc5 Qa5+ 9. c3 Qxc5 10. Nf3 f6 11.
Be2 Nge7 12. O-O O-O 13. Qb3 Na5 14. Qc2 Nc4 15. Rfd1 Rfd8 16. Ne1 Rac8 17. Nd3 Qb6 18. a4 a5 19. Rac1 Nf5 20. b3 Ncd6 21. Nxe5 fxe5 22.
Bxe5 Nxe3 23. Bd4 Qxd4 24. Rxd4 Nxc2 25. Rxc2 Nf5 26. Rf4 d4 27. Bg4 d3 28. Rd2 Rxc3 29. h3 g6 30. b4 Rc2 31. Rd1 d2 32. bxa5 Rc1 33. Rb4 Rd4 34. Rxd4 Nxd4 35. Kf1 Bxg4 0-1

[Event "*** Titled Tuesday Blitz"]
[Site "Chess.com"]
[Date "2020.11.03"]
[Round "2"]
[White "davigator"]
[Black "GMG"]
[Result "0-1"]
[WhiteElo "2374"]
[BlackElo "2715"]
[TimeControl "180+1"]
[EndTime "10:18:50 PST"]
[Termination "GMG won by resignation"]

1. e4 c5 2. Nf3 d6 3. d4 cxd4 4.
Nxd4 Nf6 5. Nc3 a6 6. Bg5 Nbd7 7. f3 e6 8. Qd2 Qc7 9. O-O-O b5 10. h4 Bb7 11. Bxb5 axb5 12. Ndxb5 Qb6 13. Nxd6+ Bxd6 14. Qxd6 Qxd6 15. Rxd6 h6 16. Bf4 e5 17. Be3 Ke7 18. Rhd1 Ra6 19. Rxa6 Bxa6 20. b3 Rc8 21. Kb2 Rc6 22.
Rd2 Rd6 23. Nd5+ Nxd5 24. exd5 f5 25. c4 f4 26. Ba7 Bb7 27. a4 g5 28. hxg5 hxg5 29.
Bf2 Kf6 30. Kc3 Kf5 31. Kb4 g4 32. Bc5 Rg6 33. Bf2 Rh6 34. c5 g3 35. Bg1 Nf6 36. c6 Nxd5+ 37. Rxd5 Bxc6 38. Rd2 e4 39. fxe4+ Bxe4 40.
a5 Rh2 41. Kc5 Rxg2 42. Rxg2 Bxg2 43. Kd4 Kg4 44. b4 Kf3 45. Kd3 Bf1+ 46. Kd2 Kg2 47.
Bd4 f3 48. Ke3 Ba6 49. Kf4 f2 0-1

[Event "*** Titled Tuesday Blitz"]
[Site "Chess.com"]
[Date "2020.11.03"]
[Round "2"]
[White "TimofeevAr"]
[Black "IMDT02"]
[Result "1-0"]
[WhiteElo "2817"]
[BlackElo "2539"]
[TimeControl "180+1"]
[EndTime "10:18:52 PST"]
[Termination "TimofeevAr won by resignation"]

1. c4 Nf6 2. Nc3 e6 3. Nf3 Bb4 4. e3 O-O 5. d4 b6 6. Bd3 Bb7 7. O-O d5 8. a3 Bxc3 9. bxc3 Nbd7 10. cxd5 exd5 11. c4 c5 12. Bb2 cxd4 13. Bxd4 Rc8 14. cxd5 Nxd5 15. Qb1 h6 16. Rc1 Qe7 17. Qb2 N5f6 18.
Be2 Qe4 19. h3 Bd5 20. Qb4 Rfe8 21. Qd6 Qe6 22. Qxe6 Bxe6 23. Ba6 Rxc1+ 24. Rxc1 Bd5 25. Rc7 Bxf3 26. gxf3 Ne5 27. Kg2 Ng6 28. Bxf6 gxf6 29. Rxa7 Re7 30. Rxe7 Nxe7 31. Bc4 Kg7 32. f4 f5 33. Kf3 Kf6 34. Ke2 Nc8 35. Kd3 Nd6 36.
f3 Nb7 37. Kd4 Nc5 38. Kd5 h5 39. Kc6 Na4 40. Kb5 Nc3+ 41. Kxb6 Nd1 42. a4 Nxe3 43. Bb3 1-0

[Event "*** Titled Tuesday Blitz"]
[Site "Chess.com"]
[Date "2020.11.03"]
[Round "2"]
[White "AlexOstrovskiy"]
[Black "sokidze"]
[Result "0-1"]
[WhiteElo "2790"]
[BlackElo "2538"]
[TimeControl "180+1"]
[EndTime "10:18:52 PST"]
[Termination "sokidze won by resignation"]

1. d4 Nf6 2. Bf4 e6 3. e3 d5 4. Nd2 Bd6 5. Bg3 O-O 6. Bd3 c5 7. c3 b6 8. e4 Be7 9. e5 Nfd7 10.
Qe2 a5 11. a4 Ba6 12. Bb5 Qc8 13. Ngf3 Nc6 14. O-O c4 15. Bxc6 Qxc6 16. h4 h6 17. Bf4 Rfb8 18. Ra2 b5 19. axb5 Bxb5 20. Rfa1 a4 21. Nf1 a3 22. bxa3 Ba4 23. g4 Nf8 24. Qe3 Ng6 25. Bg3 Bb3 26. Re2 Bxa3 27. h5 Nf8 28. g5 hxg5 29. Qxg5 Nh7 30. Qg4 Be7 31. Rxa8 Rxa8 32. h6 g6 33. Re1 Bc2 34. Ne3 Bf5 35. Nxf5 exf5 36. Qf4 Qe6 37. Rb1 g5 38. Qd2 f4 39. Bh2 Qg4+ 40. Kf1 Qxf3 41. Qb2 Qh3+ 42. Kg1 f3 0-1

[Event "*** Titled Tuesday Blitz"]
[Site "Chess.com"]
[Date "2020.11.03"]
[Round "2"]
[White "TregubovP"]
[Black "chito89"]
[Result "1-0"]
[WhiteElo "2532"]
[BlackElo "2779"]
[TimeControl "180+1"]
[EndTime "10:18:55 PST"]
[Termination "TregubovP won on time"]

1. e4 e5 2. Nf3 Nc6 3. Bb5 a6 4. Ba4 Nf6 5. d4 exd4 6. O-O Be7 7. e5 Ne4 8. Nxd4 Nc5 9. Nf5 O-O 10. Qg4 Ne6 11.
Bxc6 dxc6 12. Bh6 Bg5 13. Rd1 gxh6 14. Rxd8 Rxd8 15. Nxh6+ Kf8 16. Qh5 Kg7 17. Nf5+ Kh8 18. Nc3 Rg8 19. g3 Rg6 20. Rd1 Ng7 21. Nxg7 Kxg7 22.
Ne4 Be7 23. Nf6 h6 24. Nd7 Rg5 25. Qf3 Rg6 26. Qf4 b6 27. h4 Bb7 28. h5 Re6 29. Qg4+ Kh8 30. Qf5 Kg7 31. Rd4 Rg8 32.
Rg4+ Bg5 33. f4 Bc8 34. Nf6 1-0

[Event "*** Titled Tuesday Blitz"]
[Site "Chess.com"]
[Date "2020.11.03"]
[Round "2"]
[White "Chess2019Player"]
[Black "XDPS"]
[Result "0-1"]
[WhiteElo "2261"]
[BlackElo "2663"]
[TimeControl "180+1"]
[EndTime "10:18:55 PST"]
[Termination "XDPS won on time"]

1. Nf3 d5 2. c4 c6 3. cxd5 cxd5 4. d4 Nc6 5. Nc3 Nf6 6. Bf4 Ne4 7. e3 Nxc3 8. bxc3 e6 9. Bd3 Bd6 10. Bxd6 Qxd6 11.
O-O O-O 12. Qb1 h6 13. Rc1 b6 14. c4 dxc4 15. Bxc4 Bb7 16. Bb3 Rac8 17. Qd3 Nb4 18.
Qe2 Ba6 19. Qd1 Nd3 20. Rxc8 Rxc8 21. Rb1 Qa3 22. Ne5 Nxe5 23. dxe5 Qc5 24. Qd6 Be2 25. Qxc5 Rxc5 26. f4 Kf8 27. Kf2 Bh5 28. Rb2 Ke7 29.
Rd2 Bg6 30. Kf3 Rc3 31. g4 Bd3 32. Kf2 b5 33. Kf3 a5 34. Bd1 Bc4 0-1

[Event "*** Titled Tuesday Blitz"]
[Site "Chess.com"]
[Date "2020.11.03"]
[Round "2"]
[White "paulrusan"]
[Black "keepitcoming"]
[Result "0-1"]
[WhiteElo "2173"]
[BlackElo "2538"]
[TimeControl "180+1"]
[EndTime "10:18:56 PST"]
[Termination "keepitcoming won on time"]

1. e4 c6 2. d4 d5 3. f3 e5 4.
c3 dxe4 5. Qe2 exd4 6. Qxe4+ Be6 7. cxd4 Nf6 8. Qh4 Be7 9. Nc3 O-O 10. Bd3 Nbd7 11. Nge2 Re8 12. Bg5 Qb6 13. O-O-O Rac8 14. Kb1 h6 15. Bxh6 gxh6 16. Qxh6 Bf8 17. Qg5+ Bg7 18. h4 c5 19. h5 Kf8 20. h6 Bh8 21. Bb5 a6 22. Bxd7 Bxd7 23. d5 Nh7 24.
Qh5 Rxe2 25. b3 Bxc3 26. f4 Rb2+ 27. Kc1 c4 28. Qf3 cxb3 29. Rd3 Bf6+ 30. Kd1 bxa2 31. Ra3 Rb1+ 32. Ke2 Rxh1 33. Rxa2 Bb5+ 34. Kd2 Qd4+ 0-1

[Event "*** Titled Tuesday Blitz"]
[Site "Chess.com"]
[Date "2020.11.03"]
[Round "2"]
[White "ShcufNaiRolf"]
[Black "Sven_Tica"]
[Result "0-1"]
[WhiteElo "2340"]
[BlackElo "2689"]
[TimeControl "180+1"]
[EndTime "10:18:56 PST"]
[Termination "Sven_Tica won on time"]

1. e4 c5 2. Nf3 Nf6 3. Nc3 d5 4.
Bb5+ Bd7 5. e5 Ne4 6. e6 fxe6 7. Bxd7+ Nxd7 8. Nxe4 dxe4 9. Ng5 Nf6 10. Nxe6 Qd6 11.
Nxf8 Rxf8 12. O-O Kf7 13. b3 Kg8 14. Bb2 Rad8 15. Bc3 Nd5 16. Qg4 Nxc3 17. dxc3 Qe5 18. Rae1 Rf4 19. Qg3 Rd2 20. Rc1 h6 21. Qe3 Qd6 22.
g3 Rf3 23. Qxe4 Rxc3 24. Rfe1 Qf6 25. Re2 Rxe2 26. Qxe2 b6 27. Rd1 a5 28. a4 Kf7 29.
Qe4 Rf3 30. Qd5+ e6 31. Qb7+ Kg8 32. Qa8+ Kh7 33. Qe4+ Rf5 34. g4 Qg6 35. h3 Rd5 36. Qxg6+ Kxg6 37. Re1 Kf6 38. Re2 g5 39. Kg2 Rd4 40. Kf3 e5 41. Ke3 Ke6 42. Rd2 Kd5 43. Rd3 c4 44. Rc3 Rf4 0-1

[Event "*** Titled Tuesday Blitz"]
[Site "Chess.com"]
[Date "2020.11.03"]
[Round "2"]
[White "Sofiia_Hryzlova"]
[Black "Sokoloco"]
[Result "1-0"]
[WhiteElo "2308"]
[BlackElo "2445"]
[TimeControl "180+1"]
[EndTime "10:18:56 PST"]
[Termination "Sofiia_Hryzlova won on time"]

1. c4 g6 2. Nc3 Bg7 3. d4 Nf6 4. e4 d6 5. h3 O-O 6. Be3 b6 7. g4 Bb7 8. Bg2 c5 9. d5 e6 10. Nge2 exd5 11. cxd5 Re8 12. O-O Nbd7 13. f4 b5 14. Ng3 b4 15. Nce2 Nxd5 16. Bf2 N5b6 17. b3 d5 18. e5 f6 19. exf6 Qxf6 20. Rc1 Rac8 21. f5 Ba8 22. Nf4 d4 23. Bxa8 Rxa8 24.
Ne6 Rxe6 25. fxe6 Qxe6 26. Qf3 Rf8 27. Qg2 Ne5 28. Rce1 Qd6 29. Ne4 Qc7 30. Bg3 Qd7 31. Rxf8+ Kxf8 32. Nxc5 Qd6 33. Ne4 Qd5 34. Qf2+ Ke7 35.
Bxe5 1-0

[Event "*** Titled Tuesday Blitz"]
[Site "Chess.com"]
[Date "2020.11.03"]
[Round "2"]
[White "IceBelka"]
[Black "Chessalary"]
[Result "0-1"]
[WhiteElo "2124"]
[BlackElo "2398"]
[TimeControl "180+1"]
[EndTime "10:18:57 PST"]
[Termination "Chessalary won by resignation"]

1. Nf3 d5 2. g3 c6 3. Bg2 Nf6 4. O-O g6 5. c4 Bg7 6. cxd5 cxd5 7. d4 O-O 8. a3 Nc6 9. b4 Bg4 10. Bf4 Ne4 11. h3 Bxf3 12. Bxf3 Nxd4 13. Ra2 Nxf3+ 14.
exf3 Nc3 15. Nxc3 Bxc3 16. Qd3 Rc8 17. Rc2 Bg7 18. Rxc8 Qxc8 19. Qxd5 Rd8 20. Qa5 a6 21. Kg2 Qd7 22. Rc1 Rc8 23. Rxc8+ Qxc8 24. Qd5 h6 25. Be3 b5 26. Bc5 e6 27. Qd6 Bf8 28. Qxf8+ Qxf8 29. Bxf8 Kxf8 30. f4 Ke7 31. Kf3 Kd6 32. Ke4 f6 33. h4 Kc6 34. g4 Kd6 35. g5 fxg5 36. fxg5 hxg5 37. hxg5 e5 38. f3 Ke6 39. f4 exf4 40. Kxf4 Kd5 41. Kf3 Ke5 42. Ke3 Kf5 43. Kd4 Kxg5 44.
Kc5 Kf5 45. Kb6 g5 46. Kxa6 g4 47. Kxb5 g3 48. Ka6 g2 49. b5 g1=Q 50. b6 Qf1+ 51. Ka7 Qb5 52. b7 Qa5+ 53. Kb8 Ke6 54. Kc8 Qc5+ 55. Kd8 Qb6+ 56. Kc8 Qc6+ 57. Kb8 Kd7 58. a4 Qa6 59. a5 Kc6 0-1

[Event "*** Titled Tuesday Blitz"]
[Site "Chess.com"]
[Date "2020.11.03"]
[Round "2"]
[White "Kezin_Roman"]
[Black "kingofthenil"]
[Result "1-0"]
[WhiteElo "2725"]
[BlackElo "2485"]
[TimeControl "180+1"]
[EndTime "10:18:58 PST"]
[Termination "Kezin_Roman won on time"]

1. d4 Nf6 2. c4 c5 3. d5 e6 4. Nc3 exd5 5. cxd5 g6 6. e4 d6 7. Nf3 Bg7 8. h3 a6 9. a4 Nbd7 10. Bd3 Nh5 11. Be2 O-O 12. O-O Re8 13. Re1 Nhf6 14. Bf1 Rb8 15. Bf4 Qc7 16. e5 dxe5 17. d6 Qb6 18.
Nxe5 Qxb2 19. Rc1 Nxe5 20. Bxe5 Bd7 21. Rb1 Qa3 22. Rb3 Bxa4 23. Rxa3 Bxd1 24. Nxd1 Nd7 25. Bc3 Bxc3 26. Rxe8+ Rxe8 27. Nxc3 Re6 28. Ra1 Rxd6 29. g3 b5 30. Ne4 Re6 31. Bg2 c4 32. Rd1 Nf6 33. Nc5 Rb6 34. Rc1 Kg7 35. f4 a5 36. Kf2 a4 37. Ke3 a3 38. Kd4 Rb8 39. Kc3 h5 40. Kb4 Rd8 41. Rc2 Rd1 42. Kxa3 Rb1 43. Rb2 Rxb2 44. Kxb2 b4 45. Bf1 c3+ 46.
Kb3 h4 47. g4 Ne8 48. Kxb4 c2 49. Nd3 Nd6 50. Kc3 f5 51. g5 Kf7 52. Kxc2 Ke6 53. Kd2 Kd5 54. Ke3 Nc4+ 55. Kf2 Kd4 56. Ne5 Nxe5 57. fxe5 Kxe5 58. Kf3 f4 59. Bd3 1-0

[Event "*** Titled Tuesday Blitz"]
[Site "Chess.com"]
[Date "2020.11.03"]
[Round "2"]
[White "tan275"]
[Black "PavelShkapenko"]
[Result "0-1"]
[WhiteElo "2195"]
[BlackElo "2648"]
[TimeControl "180+1"]
[EndTime "10:18:58 PST"]
[Termination "PavelShkapenko won by resignation"]

1. d4 Nf6 2. c4 e6 3. g3 Bb4+ 4. Bd2 Qe7 5. Bg2 Nc6 6. Nf3 Bxd2+ 7. Nbxd2 d6 8. O-O a5 9. e4 e5 10. d5 Nb8 11. Ne1 O-O 12. Nd3 Na6 13. a3 Bg4 14. f3 Bd7 15. b4 c6 16. Qb3 cxd5 17.
exd5 Bf5 18. Ne4 Bxe4 19. fxe4 Rfc8 20. Rac1 axb4 21. axb4 Rc7 22. h3 Nd7 23. Kh2 b6 24. Bf3 Rca7 25. Bg4 Nf6 26. Bf3 h5 27. c5 bxc5 28.
b5 Nb4 29. Nxb4 cxb4 30. Qxb4 h4 31. gxh4 Ra2+ 32. Bg2 Nh5 33. Qe1 Nf4 34. Rf2 Rxf2 35. Qxf2 Nd3 36. Qd2 Nxc1 37. Qxc1 Qxh4 38. Qc2 Qf4+ 39.
Kg1 Ra1+ 0-1